 Dungeon Crawl Stone Soup version 0.31-a0-1-g4198be8af4 (webtiles) character file.

Game seed: 10201483330221428359

71 LobsterGuardian the Twirler (level 4, -4/24 HPs)
             Began as a Gargoyle Gladiator on Apr 30, 2023.
             Slain by an ice beast (13 damage)
             ... on level 5 of the Dungeon.
             The game lasted 00:03:18 (1497 turns).

LobsterGuardian the Twirler (Gargoyle Gladiator)    Turns: 1497, Time: 00:03:18

Health: -4/24      AC: 16    Str: 22    XL:     4   Next: 24%
Magic:  4/4        EV:  7    Int: 12    God:
Gold:   126        SH:  0    Dex: 15    Spells: 3/3 levels left

rFire   . . .        a - +0 quarterstaff
rCold   . . .        (shield currently unavailable)
rNeg    + . .        m - +0 plate armour
rPois   ∞            c - +0 helmet
rElec   +            b - scarf {repulsion}
rCorr   .            (no gloves)
SInv    .            (no boots)
Will    .....        (no amulet) Stlth
                     p - +6 ring of dexterity
HPRegen 0.24/turn    (no ring)
MPRegen 0.09/turn

%: repel missiles
@: hasted, very quick
A: sickness immunity, AC +3, negative energy resistance 1, electricity
resistance, torment resistance 1, petrification resistance, iridescent scales 1,
clever 1, frail 1, strong 1
a: no special abilities


You were on level 5 of the Dungeon.
You visited 1 branch of the dungeon, and saw 5 of its levels.

You collected 126 gold pieces.

Inventory:

Hand Weapons
 a - a +0 quarterstaff (weapon)
Missiles
 d - 3 throwing nets (quivered)
 e - a javelin
Armour
 b - a scarf of repulsion (worn)
 c - a +0 helmet (worn)
 m - a +0 plate armour (worn)
Jewellery
 p - a +6 ring of dexterity (left hand)
Scrolls
 l - a scroll of teleportation {unknown}
 n - a scroll of fog {unknown}
 o - a scroll of torment {unknown}
 r - a scroll of immolation {unknown}
 t - a scroll of blinking {unknown}
Potions
 f - a potion of haste
 g - a potion of curing
 h - a potion of magic
 i - a potion of invisibility {unknown}
 j - a potion of cancellation
 k - a potion of might {unknown}
 q - a potion of lignification {unknown}
 v - 2 potions of attraction {unknown}


   Skills:
 - Level 2.3 Fighting
 * Level 4.8 Staves
 - Level 1.7 Throwing
 + Level 2.5 Dodging


You had 3 spell levels left.
You didn't know any spells.
Your spell library contained the following spells:

 Spells                   Type           Power      Damage    Failure   Level
 Blink                    Tloc           0%         N/A       100%        2
 Scorch                   Fire           0%         2d5       100%        2
 Dazzling Flash           Conj/Hex       0%         N/A       100%        3
 Volatile Blastmotes      Fire/Tloc      0%         2d10      100%        3
 Flame Wave               Conj/Fire      0%         2d4       100%        4
 Iskenderun's Mystic Bla  Conj/Tloc      0%         2d3       100%        4
 Manifold Assault         Tloc           0%         N/A       100%        4
 Starburst                Conj/Fire      0%         6d3       100%        6
 Summon Cactus Giant      Summ           0%         N/A       100%        6
 Storm Form               Tmut/Air       0%         N/A       100%        7


Dungeon Overview and Level Annotations

Branches:
Dungeon (6/15)
 Temple: D:4-7

Altars:


Innate Abilities, Weirdness & Mutations

You are immune to sickness and miasma.
Your stone body is resilient. (AC +3)
You are immune to poison.
You resist negative energy. (rN+)
You are resistant to electric shocks. (rElec)
You are resistant to unholy torment.
You are immune to petrification.
You are partially covered in iridescent scales. (AC +2)
Your mind is acute. (Int +4, Str/Dex -1)
You are frail. (-10% HP)
Your muscles are strong. (Str +4, Int/Dex -1)


Message History

Unknown command.
You drop a +0 ring mail.
f - 2 yellow potions A sourceless malevolence fills the Dungeon...
You fall into a shaft and drop 3 floors!
The shaft crumbles and collapses.
You open the door.
Found 3 boomerangs.
Found a stone staircase leading down.
There is an open door here.
v - 2 bubbling brown potions (gained 1)
Found a potion of degeneration.
You now have 126 gold pieces (gained 7).
Found a stone staircase leading up.
(D) Dungeon
Where to? (Enter - D:3, ? - help)
An iguana comes into view.
The iguana hisses angrily.
The iguana hisses menacingly.
There is a stone staircase leading up here.
You climb upwards.
There is a stone staircase leading down here.
Unknown command.
An ice beast comes into view.
Found the Textbook on Shifting Abhorrent Liturgies.
You sock the ice beast!
The ice beast is heavily wounded.
The ice beast hits you but does no damage.
You closely miss the ice beast.
The ice beast is heavily wounded.
The ice beast hits you but does no damage.
You hit the ice beast.
The ice beast is heavily wounded.
The ice beast hits you. The ice beast freezes you!
Ouch! That really hurt!
You aren't carrying any items that you can evoke.
It was a potion of haste.
You feel yourself speed up. The ice beast hits you. The ice beast freezes you!
Ouch! That really hurt!
You die...

.## .. #.
#.#
..###..
.......##
.....:Y.#
#@# +.###
#..>#
###.###
#...#
###.# #.#
#.# #.#


You could see an ice beast.

Vanquished Creatures
  An adder (D:3)
  3 worms
  4 dart slugs
  An orc (D:3)
  A ball python (D:1)
  5 endoplasms
  A giant cockroach (D:1)
  5 goblins
  6 hobgoblins
  2 jackals (D:3)
  2 kobolds (D:2)
  A quokka (D:1)
  5 bats
  A frilled lizard (D:2)
  3 rats
41 creatures vanquished.

Notes
Turn   | Place    | Note
-------+----------+-------------------------------------------
     0 | D:1      | LobsterGuardian the Gargoyle Gladiator began the quest for
                  | the Orb.
     0 | D:1      | Reached XP level 1. HP: 12/12 MP: 1/1
   143 | D:1      | Reached XP level 2. HP: 11/17 MP: 2/2
   422 | D:1      | Reached skill level 4 in Staves
   476 | D:1      | Reached XP level 3. HP: 18/22 MP: 3/3
  1094 | D:2      | Gained mutation: Your muscles are strong. (Str +4, Int/Dex
                  | -1) [potion of mutation]
  1094 | D:2      | Gained mutation: You are frail. (-10% HP) [potion of
                  | mutation]
  1094 | D:2      | Gained mutation: Your mind is acute. (Int +4, Str/Dex -1)
                  | [potion of mutation]
  1094 | D:2      | Gained mutation: You are partially covered in iridescent
                  | scales. (AC +2) [potion of mutation]
  1400 | D:3      | Reached XP level 4. HP: 17/24 MP: 4/4
  1447 | D:3      | You fall into a shaft and drop 3 floors!
  1483 | D:5      | Entered Level 5 of the Dungeon
  1493 | D:5      | Noticed an ice beast
  1497 | D:5      | Slain by an ice beast

Illustrated notes

Levels and vault maps discovered:
D:1:      lemuel_arrival_tunnels, layout_basic
D:2:      layout_rooms
D:3:      layout_loops_ring, mainiacjoe_overflow_catch_the_wave,
          mainiacjoe_overflow_chevrons, uniq_jessica
D:5:      layout_basic, minmay_temple_entry_grid, minmay_chambers_of_fives,
          uniq_sigmund
D:6:      layout_gridville

Skill      XL: |  1  2 |
---------------+-------+-----
Staves         | 4 |  4.8
Fighting       | |  2.3
Throwing       | |  1.7
Dodging        | |  2.5

Action                     |  1- 3 |  4- 6 || total
---------------------------+-------+-------++-------
  Melee: Quarterstaff      |   109 |    10 ||   119
    Use: Scroll            |     5 |       ||     5
         Potion            |     1 |     1 ||     2
 Armour: Ring mail         |    46 |     4 ||    50
         Plate armour      |       |     2 ||     2
  Dodge: Dodged            |    62 |     4 ||    66

Table legend: (Time is in decaauts)
 A = Elapsed time spent in this place.
 B = Non-inter-level travel time spent in this place.
 C = Inter-level travel time spent in this place.
 D = Time resting spent in this place.
 E = Time spent auto-exploring this place.
 F = Levels seen in this place.
 G = Mean time per level.
                   A        B        C        D        E       F      G
               +--------+--------+--------+--------+--------+-----+--------+
         Total |   1507 |   1481 |     26 |      0 |   1149 |   5 |  301.4 |
       Dungeon |   1507 |   1481 |     26 |      0 |   1149 |   5 |  301.4 |
               +--------+--------+--------+--------+--------+-----+--------+

Top non-repeatable levels by time:
     D:1: 667 daAuts
     D:2: 533 daAuts
     D:3: 256 daAuts
     D:6: 35 daAuts
     D:5: 14 daAuts
